 Dungeon Crawl Stone Soup version 0.32-a0-540-g866d13106e (webtiles) character file.

Game seed: 9714059178334761288

360 grandjackal the Trooper (level 6, -3/50 HPs)
             Began as a Demonspawn Gladiator on Feb 29, 2024.
             Slain by a crocodile (6 damage)
             ... in a sewer.
             The game lasted 00:03:02 (2049 turns).

grandjackal the Trooper (Demonspawn Gladiator)      Turns: 2049, Time: 00:03:02

Health: -3/50      AC:  4    Str: 16    XL:     6   Next: 38%
Magic:  6/6        EV: 12    Int:  9    God:
Gold:   165        SH:  0    Dex: 14    Spells: 5/5 levels left

rFire   + . .        a - +0 long sword
rCold   . . .        (no shield)
rNeg    + . .        b - +0 leather armour
rPois   .            c - +0 helmet
rElec   .            (no cloak)
rCorr   .            (no gloves)
SInv    .            (no boots)
Will    .....        (no amulet)
Stlth   +            v - ring of positive energy
HPRegen 0.28/turn    s - ring of protection from fire
MPRegen 0.10/turn

%: no passive effects
@: no status effects
A: hooves 1, demonic guardian 1, demonic touch 1
a: no special abilities


You were in a sewer.
You visited 1 branch of the dungeon, and saw 3 of its levels.
You also visited: Sewer.

You collected 165 gold pieces.

Inventory:

Hand Weapons
 a - a +0 long sword (weapon)
Missiles
 d - 3 throwing nets (quivered)
 e - 6 javelins
Armour
 b - a +0 leather armour (worn)
 c - a +0 helmet (worn)
Jewellery
 s - a ring of protection from fire (right hand)
 v - a ring of positive energy (left hand)
Wands
 t - a wand of polymorph (3)
 u - a wand of paralysis (14)
Scrolls
 h - a scroll of vulnerability {unknown}
 i - a scroll of teleportation {unknown}
 j - a scroll of amnesia {unknown}
 k - a scroll of blinking {unknown}
 l - 3 scrolls of identify {unknown}
 m - a scroll of noise {unknown}
 n - a scroll of enchant weapon {unknown}
 p - a scroll of summoning {unknown}
 q - a scroll of fear {unknown}
 r - a scroll of immolation {unknown}
 w - a scroll of brand weapon {unknown}
Potions
 f - 2 potions of brilliance {unknown}
 g - a potion of heal wounds {unknown}
 o - 2 potions of enlightenment {unknown}
 x - a potion of berserk rage


   Skills:
 + Level 4.9 Fighting
 - Level 2.8 Long Blades
 - Level 2.0 Throwing
 - Level 2.8 Dodging
 + Level 3.8 Unarmed Combat


You had 5 spell levels left.
You didn't know any spells.
Your spell library contained the following spells:

 Spells                   Type           Power      Damage    Failure   Level
 Magic Dart               Conj           0%         1d3       45%         1
 Searing Ray              Conj           0%         2d4       58%         2
 Fulminant Prism          Conj/Alch      0%         3d5       99%         4


Dungeon Overview and Level Annotations

Branches:
Dungeon (3/15)              Sewer (1/1)

Altars:
Ashenzari


Innate Abilities, Weirdness & Mutations

You have large cloven feet.
A weak demonic guardian rushes to your aid.
Your touch may inflict minor irresistible damage on your foes.


Message History

You kill the brain worm!
No target in view!
No target in view!
A crocodile comes into view.
Found 40 gold pieces.
You see here a potion of berserk rage.
x - a potion of berserk rage
Found a grey potion, 45 gold pieces and a triangular beryl amulet.
The crocodile bites you. The crocodile drags you backwards!
You hit the crocodile. You kick the crocodile.
The crocodile is moderately wounded.
The crocodile barely misses you.
You hit the crocodile.
You kick the crocodile, but do no damage.
The crocodile is heavily wounded.
The crocodile bites you. The crocodile drags you backwards!
You hit the crocodile.
The crocodile is heavily wounded.
The crocodile closely misses you. The crocodile bites you!
The crocodile drags you backwards!
You hit the crocodile but do no damage.
The crocodile is heavily wounded.
The crocodile bites you! The crocodile drags you backwards!
You hit the crocodile but do no damage.
The crocodile is heavily wounded.
The crocodile bites you!
* * * LOW HITPOINT WARNING * * *
A demonic guardian appears!
You hit the crocodile but do no damage. Your kick misses the crocodile.
Your touch misses the crocodile.
The crocodile is heavily wounded.
The crocodile bites you.
* * * LOW HITPOINT WARNING * * *
A demonic guardian appears!
Your white imp closely misses the crocodile.
You swap places.
Your iron imp closely misses the crocodile.
The crocodile attacks as it pursues you!
The crocodile bites you.
You die...

##.....## #.#
##...≈...## #.#
#...≈≈≈...#######.####
∩∩.≈≈≈≈≈......†......#
#...≈≈≈...#######.####
##...≈...## #.#
##.....## #.# #######
###.### ##.@...##
#..l....# #..5....#
#.5.....# #.......#
#..$$$..# ##$"!$$##
#######


You could see a crocodile (ally target), a friendly iron imp (summoned) and a
friendly white imp (summoned).

Vanquished Creatures
  Sigmund (D:2)
  A brain worm (Sewer)
  Jessica (D:3)
  2 adders (D:3)
  A river rat (D:3)
  3 ribbon worms (D:2)
  A dart slug (D:1)
  11 bats
  4 endoplasms
  4 giant cockroaches
  7 goblins
  2 hobgoblins
  3 jackals (D:2)
  6 kobolds
  9 quokkas
  3 ball pythons
  2 frilled lizards (D:2)
  9 rats
70 creatures vanquished.

Notes
Turn   | Place    | Note
-------+----------+-------------------------------------------
     0 | D:1      | grandjackal the Demonspawn Gladiator began the quest for
                  | the Orb.
     0 | D:1      | Reached XP level 1. HP: 16/16 MP: 1/1
    27 | D:1      | Found a faded altar of an unknown god.
    54 | D:1      | Discovered your monstrous ancestry.
    54 | D:1      | Gained mutation: Your touch may inflict minor irresistible
                  | damage on your foes. [demonic ancestry]
    54 | D:1      | Reached XP level 2. HP: 20/22 MP: 2/2
   348 | D:1      | Reached skill level 1 in Unarmed Combat
   372 | D:1      | Reached XP level 3. HP: 28/28 MP: 3/3
   906 | D:2      | Noticed Sigmund
   918 | D:2      | Killed Sigmund
   919 | D:2      | Reached skill level 4 in Fighting
   919 | D:2      | Reached XP level 4. HP: 19/37 MP: 4/4
   919 | D:2      | Gained mutation: You have large cloven feet. [demonic
                  | ancestry]
   919 | D:2      | Reached XP level 5. HP: 22/42 MP: 5/5
  1654 | D:3      | Noticed Jessica
  1666 | D:3      | Killed Jessica
  1684 | D:3      | Found a broken altar of Ashenzari.
  1883 | D:3      | Gained mutation: A weak demonic guardian rushes to your
                  | aid. [demonic ancestry]
  1883 | D:3      | Reached XP level 6. HP: 35/49 MP: 6/6
  1937 | D:3      | Found a glowing drain.
  2012 | Sewer    | Entered a sewer
  2046 | Sewer    | HP: 2/50 [crocodile (1)]
  2049 | Sewer    | Slain by a crocodile

Illustrated notes

Levels and vault maps discovered:
D:1:      saegor_arrival_miasma, layout_basic, chequers_ecumenical_altar_island,
          hangedman_decor_growths
D:2:      layout_basic, uniq_sigmund
D:3:      layout_loops_ring, evilmike_ruin_ashenzari,
          nicolae_ru_great_annihilating_truth, gup_sewer_entry_spiral,
          lemuel_flame_loot_1, uniq_jessica
Sewer:    sewer_big_baddie

Skill      XL: |  1  2  3 |
---------------+----------+-----
Throwing       | 2 |  2.0
Unarmed Combat | 1 3 |  3.8
Fighting       | 4 |  4.9
Long Blades    | |  2.8
Dodging        | |  2.8

Action                     |  1- 3 |  4- 6 || total
---------------------------+-------+-------++-------
  Melee: Long sword        |   104 |    85 ||   189
         Touch             |    11 |    10 ||    21
         Kick              |       |    17 ||    17
   Stab: Sleeping          |       |     1 ||     1
 Armour: Leather armour    |    67 |    55 ||   122
  Dodge: Dodged            |    81 |    66 ||   147

Table legend: (Time is in decaauts)
 A = Elapsed time spent in this place.
 B = Non-inter-level travel time spent in this place.
 C = Inter-level travel time spent in this place.
 D = Time resting spent in this place.
 E = Time spent auto-exploring this place.
 F = Levels seen in this place.
 G = Mean time per level.
                   A        B        C        D        E       F      G
               +--------+--------+--------+--------+--------+-----+--------+
         Total |   2116 |   2025 |     91 |    179 |   1180 |   4 |  529.0 |
       Dungeon |   2076 |   1985 |     91 |    179 |   1173 |   3 |  692.0 |
         Sewer |     39 |     39 |      0 |      0 |      7 |   1 |   39.0 |
               +--------+--------+--------+--------+--------+-----+--------+

Top non-repeatable levels by time:
     D:1: 865 daAuts
     D:2: 652 daAuts
     D:3: 559 daAuts
   Sewer: 39 daAuts
